 Dungeon Crawl Stone Soup version 0.29.0-4-gdea44cf6ec (webtiles) character file.

Game seed: 7647128150678375815

1928 qw the Cleaver (level 9, -2/57 HPs)
             Began as a Tengu Warper on Aug 28, 2022.
             Was a Follower of Okawaru.
             Killed from afar by an electric eel (7 damage)
             ... with a bolt of electricity
             ... on level 7 of the Dungeon.
             The game lasted 00:00:46 (6409 turns).

qw the Cleaver (Tengu Warper)                       Turns: 6409, Time: 00:00:47

Health: -2/57      AC: 17    Str: 15    XL:     9   Next: 17%
Magic:  11/13      EV:  9    Int: 15    God:    Okawaru [*.....]
Gold:   314        SH:  0    Dex: 15    Spells: 12/12 levels left

rFire   . . .      SeeInvis +   f - +1 hand axe (elec)
rCold   . . .      Faith    .   (no shield)
rNeg    . . .      Spirit   .   r - +0 plate armour
rPois   .          Reflect  .   (helmet restricted)
rElec   .          Harm     .   (no cloak)
rCorr   .          Rampage  .   o - +1 pair of gloves
Will    .....                   (boots unavailable)
Stlth   ..........              (no amulet)
HPRegen 0.19/turn               l - ring of see invisible
MPRegen 0.13/turn               d - +4 ring of slaying {mikee}

@: heroic, flying quickly and evasively, quick
A: beak, talons 3, nimble flight, thin skeletal structure 1, robust 1
a: Renounce Religion, Heroism


You were on level 7 of the Dungeon.
You worshipped Okawaru.
Okawaru was aware of your devotion.
You visited 2 branches of the dungeon, and saw 9 of its levels.

You collected 472 gold pieces.
You spent 158 gold pieces at shops.


Innate Abilities, Weirdness & Mutations

You have a beak for a mouth.
You have claws for feet.
Your magical nature lets you fly swiftly and evasively.
You have a somewhat thin skeletal structure. (Dex +2, Stealth+)
You are robust. (+10% HP)


   Skills:
 + Level 4.6(9.6) Fighting
 - Level 10.0(15.0) Axes
 - Level 3.0(8.0) Throwing
 - Level 5.3(10.3) Armour
 - Level 2.1(7.1) Dodging
 - Level 2.0 Spellcasting
 - Level 2.4 Translocations
 + Level 1.3 Invocations


You had 12 spell levels left.
You didn't know any spells.
Your spell library contained the following spells:

 Spells                   Type           Power      Damage    Failure   Level
 Blink                    Tloc           16%        N/A       99%         2
 Gell's Gravitas          Tloc           8%         N/A       100%        3
 Lesser Beckoning         Tloc           8%         N/A       100%        3
 Teleport Other           Tloc           8%         N/A       100%        3
 Manifold Assault         Tloc           8%         N/A       100%        5

Inventory:

Hand Weapons
 e - a +1 flail of protection
 f - a +1 hand axe of electrocution (weapon)
Missiles
 a - 3 boomerangs
 s - a silver javelin (quivered)
Armour
 o - a +1 pair of gloves (worn)
 r - a +0 plate armour (worn)
Jewellery
 d - a +4 ring of slaying (right hand) {mikee}
 l - a ring of see invisible (left hand)
Scrolls
 g - 2 scrolls of identify
Potions
 b - a potion of resistance
 c - 2 potions of curing
 h - 2 potions of mutation
 i - 2 potions of haste

Dungeon Overview and Level Annotations

Branches:
Dungeon (8/15)             Temple (1/1) D:7
   Lair: D:8-11

Altars:
Ashenzari
Cheibriados
Dithmenos
Elyvilon
Fedhas
Gozag
Hepliaklqana
Kikubaaqudgha
Nemelex Xobeh
Okawaru
Qazlal
Uskayaw
Wu Jian
Yredelemnul
The Shining One

Shops:
D:2 *

Annotations:
D:8 1 runed translucent door, qw's ghost, novice TeWr


Message History

You hear a splash. x2
Your Invocations skill increases to level 1!
You feel like a meek peon again.
A nearby plant withers and dies.
The electric eel shoots out a bolt of lightning at you!
The bolt of electricity hits the plant!
The plant begins to die.
The bolt of electricity hits you!
6402 ||| INVOKING Heroism.
You gain the combat prowess of a mighty hero.
A kobold brigand comes into view.
It is wielding a +0 dagger and quivering poisoned darts.
The electric eel shoots out a bolt of lightning at you!
The bolt of electricity hits you.
The kobold brigand shouts!
You hit the orc. Lightning courses through the orc!
You kill the orc!
Okawaru accepts your kill.
You hear a splash.
You hear a shout!
The electric eel shoots out a bolt of lightning at you!
The bolt of electricity hits the plant!
The bolt of electricity hits the orc!
The orc dies!
You hear a splash. x2
The bolt of electricity misses you.
You see here a +0 club. 2 kobolds come into view.
The kobold shouts! x2
You hit the electric eel. Your kick misses the electric eel.
The electric eel is lightly wounded.
You slash the plant!
The electric eel shoots out a bolt of lightning at you!
The bolt of electricity hits you!
You closely miss the electric eel. You claw the electric eel.
The electric eel is heavily wounded.
You hit the plant.
A nearby plant withers and dies.
You hit the electric eel. Your kick misses the electric eel.
The electric eel is heavily wounded.
The electric eel shoots out a bolt of lightning at you!
The bolt of electricity hits you!
You die...

.......# ~~77 77~~P.~~
7.......#
~~~~777~~~P.~77........#
~~~~~~~~~~P.P7.[.##....#
~~~~~S~~~~~.~....##....#
...K.KK.................
~~~~~~~~~~~.....########
~~P~~~~~)~~~~...#.......
~P~~~~S@~)~~~...#.......
~P~~~~~~~~~~#...#......%
77~~~~~~))).'...#.......
777~~~~%)###...#.......
7~~~~7.......#.......
777P7........'.......
77.........#.......
..........########
.............


You could see a kobold brigand, 2 electric eels and 2 kobolds.

Vanquished Creatures
  An orc warrior (D:7)
  3 water moccasins
  6 ogres
  A necrophage (D:6)
  A bullfrog (D:7)
  6 scorpions
  An electric eel (D:7)
  3 jellies (D:5)
  A hound (D:6)
  An iguana (D:6)
  5 orc wizards
  3 gnolls (D:6)
  9 adders
  A white imp (D:6)
  2 dart slugs
  25 orcs
  4 bats
  4 endoplasms
  6 giant cockroaches
  6 goblins
  6 hobgoblins
  4 jackals (D:1)
  3 quokkas
  5 ball pythons
  3 frilled lizards
  4 kobolds
  8 rats
122 creatures vanquished.

Vanquished Creatures (others)
  An orc (D:7)
  A fungus (D:8)
  6 plants
8 creatures vanquished.

Grand Total: 130 creatures vanquished

Notes
Turn   | Place    | Note
-------+----------+-------------------------------------------
     0 | D:1      | qw the Tengu Warper began the quest for the Orb.
     0 | D:1      | Reached XP level 1. HP: 12/12 MP: 4/4
     0 | D:1      | 0 ||| qw: Version: 0.1-a-89-g26bdef1
     0 | D:1      | 0 ||| qw: Game counter: 389
     0 | D:1      | 0 ||| qw: Always use a shield: true
     0 | D:1      | 0 ||| qw: God list: Okawaru
     0 | D:1      | 0 ||| qw: Allow faded altars: false
     0 | D:1      | 0 ||| qw: Do Orc after D:15 true
     0 | D:1      | 0 ||| qw: Do second Lair branch before Depths: true
     0 | D:1      | 0 ||| qw: Lair rune preference: random
     0 | D:1      | 0 ||| qw: Plans: Normal
     0 | D:1      | 0 ||| PLANNING D:1-11
    39 | D:1      | Found a faded altar of an unknown god.
    46 | D:1      | 46 ||| Stepping ~*~*~tactically~*~*~ (stealth).
    47 | D:1      | 47 ||| Stepping ~*~*~tactically~*~*~ (stealth).
    59 | D:1      | 59 ||| Stepping ~*~*~tactically~*~*~ (stealth).
   414 | D:1      | Reached skill level 3 in Axes
   414 | D:1      | Reached XP level 2. HP: 12/17 MP: 6/6
   528 | D:1      | 528 ||| Stepping ~*~*~tactically~*~*~ (stealth).
  1343 | D:1      | Reached XP level 3. HP: 21/21 MP: 7/7
  1372 | D:1      | 1372 ||| UPGRADING to +0 scale mail.
  1382 | D:1      | 1382 ||| DROPPING +0 leather armour.
  1383 | D:1      | 1383 ||| UPGRADING to +0 chain mail.
  1393 | D:1      | 1393 ||| DROPPING +0 scale mail.
  1394 | D:1      | 1394 ||| READING 2 scrolls labelled ZUEVORH KULAQ.
  1395 | D:1      | 1395 ||| READING scroll labelled XUYXTE COEPH.
  1396 | D:1      | 1396 ||| DROPPING scroll of fog.
  1397 | D:1      | 1397 ||| DROPPING scroll of blinking.
  1447 | D:2      | Found Hujir's Assorted Antiques.
  1461 | D:2      | Reached skill level 4 in Axes
  1466 | D:2      | 1466 ||| SHOPLISTING glowing ring mail (126 gold, have 76).
  1466 | D:2      | 1466 ||| SHOPLISTING jewelled storm dragon scales (1530
                  | gold, have 76).
  1466 | D:2      | 1466 ||| BUYING red potion (16 gold).
  1466 | D:2      | Bought a red potion for 16 gold pieces
  1466 | D:2      | 1466 ||| SHOPLISTING scintillating bronze ring (90 gold,
                  | have 60).
  1466 | D:2      | 1466 ||| BUYING scroll labelled BOANEI RONEIMUCI (18 gold).
  1466 | D:2      | Bought a scroll labelled BOANEI RONEIMUCI for 18 gold
                  | pieces
  1466 | D:2      | 1466 ||| BUYING scroll labelled VAPOTR XIEKA (18 gold).
  1466 | D:2      | Bought a scroll labelled VAPOTR XIEKA for 18 gold pieces
  1466 | D:2      | 1466 ||| BUYING silvery potion (16 gold).
  1466 | D:2      | Bought a silvery potion for 16 gold pieces
  1759 | D:2      | 1759 ||| Stepping ~*~*~tactically~*~*~ (stealth).
  1809 | D:2      | Found a snail-covered altar of Cheibriados.
  2133 | D:2      | 2133 ||| UPGRADING to ring of see invisible.
  2134 | D:2      | 2134 ||| READING scroll labelled BOANEI RONEIMUCI.
  2135 | D:2      | 2135 ||| READING scroll labelled VAPOTR XIEKA.
  2136 | D:2      | 2136 ||| READING scroll labelled PAPAUKK ZARPHU.
  2137 | D:2      | 2137 ||| READING scroll labelled PUBBOU UTUS.
  2138 | D:2      | 2138 ||| READING scroll labelled TYNENW MUBOROC.
  2139 | D:2      | 2139 ||| DRINKING 2 silvery potions.
  2140 | D:2      | 2140 ||| DRINKING 2 glowing golden potions.
  2141 | D:2      | 2141 ||| DRINKING 2 metallic black potions.
  2141 | D:2      | Gained mutation: You are robust. (+10% HP) [potion of
                  | mutation]
  2141 | D:2      | Gained mutation: You have a somewhat thin skeletal
                  | structure. (Dex +2, Stealth+) [potion of mutation]
  2168 | D:2      | 2168 ||| DROPPING potion of attraction.
  2169 | D:2      | 2169 ||| DROPPING potion of brilliance.
  2234 | D:3      | 2234 ||| SWAPPING to +2 vorpal hand axe.
  2235 | D:3      | 2235 ||| DROPPING +1 hand axe.
  2267 | D:3      | Reached XP level 4. HP: 28/28 MP: 8/8
  2271 | D:3      | 2271 ||| Stepping ~*~*~tactically~*~*~ (stealth).
  2285 | D:3      | 2285 ||| Stepping ~*~*~tactically~*~*~ (hiding).
  2307 | D:3      | Reached skill level 5 in Axes
  2322 | D:3      | 2322 ||| FLEEEEING.
  2389 | D:3      | 2389 ||| FLEEEEING.
  2390 | D:3      | 2390 ||| FLEEEEING.
  2391 | D:3      | 2391 ||| FLEEEEING.
  2394 | D:3      | 2394 ||| FLEEEEING.
  2395 | D:3      | 2395 ||| FLEEEEING.
  2396 | D:3      | 2396 ||| FLEEEEING.
  2397 | D:3      | 2397 ||| FLEEEEING.
  2398 | D:3      | 2398 ||| FLEEEEING.
  2399 | D:3      | 2399 ||| FLEEEEING.
  2400 | D:3      | 2400 ||| FLEEEEING.
  2401 | D:3      | 2401 ||| FLEEEEING.
  2402 | D:3      | 2402 ||| FLEEEEING.
  2403 | D:3      | 2403 ||| STAIRDANCE
  2489 | D:2      | 2489 ||| READING scroll labelled GUNOJE TUVUCSA.
  2492 | D:3      | 2492 ||| STAIRDANCE
  2545 | D:3      | 2545 ||| STAIRDANCE
  2599 | D:3      | 2599 ||| STAIRDANCE
  2608 | D:3      | 2608 ||| STAIRDANCE
  2694 | D:3      | Gained mutation: Your magical nature lets you fly swiftly
                  | and evasively. [Tengu growth]
  2694 | D:3      | Reached XP level 5. HP: 33/33 MP: 9/9
  2919 | D:3      | Found a stormy altar of Qazlal.
  3069 | D:3      | 3069 ||| READING scroll labelled JUMAJU OVVID.
  3070 | D:3      | 3070 ||| READING scroll labelled TIROSE BOKUTAY.
  3071 | D:3      | 3071 ||| READING scroll labelled MUDEAM ATUATAO.
  3206 | D:3      | 3206 ||| DRINKING 2 sapphire potions.
  3240 | D:4      | Found Womubixa's CLEARANCE SALE!.
  3261 | D:4      | 3261 ||| BUYING potion of curing (18 gold).
  3261 | D:4      | Bought a potion of curing for 18 gold pieces
  3261 | D:4      | 3261 ||| BUYING potion of mutation (48 gold).
  3261 | D:4      | Bought a potion of mutation for 48 gold pieces
  3261 | D:4      | 3261 ||| BUYING scroll of identify (12 gold).
  3261 | D:4      | Bought a scroll of identify for 12 gold pieces
  3261 | D:4      | 3261 ||| BUYING scroll of identify (12 gold).
  3261 | D:4      | Bought a scroll of identify for 12 gold pieces
  3315 | D:4      | Reached skill level 6 in Axes
  3321 | D:4      | 3321 ||| Stepping ~*~*~tactically~*~*~ (stealth).
  3456 | D:4      | Reached XP level 6. HP: 21/38 MP: 10/10
  3478 | D:4      | 3478 ||| FLEEEEING.
  3654 | D:4      | 3654 ||| FLEEEEING.
  3655 | D:4      | 3655 ||| FLEEEEING.
  3656 | D:4      | 3656 ||| FLEEEEING.
  3657 | D:4      | 3657 ||| FLEEEEING.
  3658 | D:4      | 3658 ||| FLEEEEING.
  3659 | D:4      | 3659 ||| FLEEEEING.
  3660 | D:4      | 3660 ||| FLEEEEING.
  3661 | D:4      | 3661 ||| FLEEEEING.
  3667 | D:4      | 3667 ||| STAIRDANCE
  3667 | D:4      | HP: 9/38 [poisoned by a hobgoblin]
  3916 | D:3      | 3916 ||| DROPPING amulet of faith.
  3917 | D:3      | 3917 ||| UPGRADING to +4 ring of slaying {mikee}.
  3918 | D:3      | 3918 ||| READING 3 scrolls of identify.
  3918 | D:3      | 3918 ||| IDENTIFYING glowing inky potion
  3919 | D:3      | 3919 ||| READING 2 scrolls of identify.
  3919 | D:3      | 3919 ||| IDENTIFYING red potion
  3920 | D:3      | 3920 ||| DROPPING potion of ambrosia.
  3921 | D:3      | 3921 ||| DROPPING potion of lignification.
  3928 | D:4      | 3928 ||| READING scroll of enchant weapon.
  3928 | D:4      | 3928 ||| ENCHANTING +2 vorpal hand axe.
  3946 | D:4      | 3946 ||| READING scroll of enchant weapon.
  3946 | D:4      | 3946 ||| ENCHANTING +3 vorpal hand axe.
  3963 | D:4      | 3963 ||| Stepping ~*~*~tactically~*~*~ (hiding).
  3975 | D:4      | 3975 ||| Stepping ~*~*~tactically~*~*~ (stealth).
  4007 | D:4      | Reached skill level 7 in Axes
  4188 | D:4      | Found a hide-covered altar of Uskayaw.
  4458 | D:4      | 4458 ||| READING scroll labelled HEOROP LOCSOSHAJ.
  4459 | D:4      | 4459 ||| READING 2 scrolls of identify.
  4459 | D:4      | 4459 ||| IDENTIFYING metallic yellow potion
  4511 | D:5      | Entered Level 5 of the Dungeon
  4515 | D:5      | 4515 ||| STAIRDANCE
  4556 | D:5      | Reached skill level 3 in Fighting
  4556 | D:5      | Reached XP level 7. HP: 27/45 MP: 11/11
  4678 | D:5      | 4678 ||| DRINKING 2 potions of curing.
  4678 | D:5      | 4678 ||| (to cure confusion)
  4871 | D:5      | Reached skill level 8 in Axes
  5146 | D:5      | 5146 ||| DROPPING +1 ring mail of poison resistance.
  5147 | D:5      | 5147 ||| UPGRADING to +0 pair of gloves.
  5152 | D:5      | 5152 ||| UPGRADING to +0 plate armour.
  5162 | D:5      | 5162 ||| DROPPING +0 chain mail.
  5163 | D:5      | 5163 ||| READING scroll of enchant armour.
  5163 | D:5      | 5163 ||| ENCHANTING +0 pair of gloves.
  5164 | D:5      | 5164 ||| READING scroll labelled YRYIRH JIJYI.
  5168 | D:5      | 5168 ||| DRINKING 2 sedimented white potions.
  5169 | D:5      | 5169 ||| READING 2 scrolls of identify.
  5169 | D:5      | 5169 ||| IDENTIFYING glowing coppery potion
  5170 | D:5      | 5170 ||| DROPPING potion of flight.
  5179 | D:6      | Found the +6 shillelagh "Devastator" {shatter}
  5184 | D:6      | 5184 ||| STAIRDANCE
  5187 | D:5      | Reached skill level 3 in Armour
  5189 | D:6      | 5189 ||| STAIRDANCE
  5192 | D:5      | HP: 7/45 [ogre/+0 giant club (11)]
  5193 | D:5      | 5193 ||| DRINKING potion of heal wounds.
  5195 | D:5      | Reached XP level 8. HP: 43/50 MP: 12/12
  5312 | D:6      | Reached skill level 9 in Axes
  5312 | D:6      | 5312 ||| STAIRDANCE
  5347 | D:6      | 5347 ||| DROPPING +0 whip.
  5438 | D:6      | 5438 ||| Stepping ~*~*~tactically~*~*~ (hiding).
  5439 | D:6      | 5439 ||| Stepping ~*~*~tactically~*~*~ (hiding).
  5627 | D:6      | 5627 ||| Stepping ~*~*~tactically~*~*~ (stealth).
  5630 | D:6      | 5630 ||| FLEEEEING.
  5638 | D:6      | 5638 ||| STAIRDANCE
  5739 | D:5      | 5739 ||| DROPPING ring of wizardry.
  5740 | D:5      | 5740 ||| READING 3 scrolls of identify.
  5740 | D:5      | 5740 ||| IDENTIFYING emerald potion
  5741 | D:5      | 5741 ||| DROPPING potion of degeneration.
  5772 | D:6      | You are sucked into a shaft and drop 2 floors!
  5821 | D:8      | Found a runed translucent door.
  5823 | D:8      | Identified the +5 trident of Fortitude {elec, Int+6}
  5823 | D:8      | Noticed a spriggan
  5823 | D:8      | Noticed a spriggan
  5824 | D:8      | Noticed qw's ghost (novice TeWr)
  5826 | D:8      | Noticed a polar bear
  5853 | D:7      | Found a staircase to the Ecumenical Temple.
  5854 | D:7      | 5854 ||| PLANNING TEMPLE
  5859 | Temple   | Entered the Ecumenical Temple
  5910 | Temple   | Became a worshipper of Warmaster Okawaru
  5920 | Temple   | 5920 ||| PLANNING D:1-11
  6095 | D:6      | 6095 ||| Stepping ~*~*~tactically~*~*~ (hiding).
  6203 | D:6      | 6203 ||| SWAPPING to +1 hand axe of electrocution.
  6204 | D:6      | 6204 ||| DROPPING +4 vorpal hand axe.
  6248 | D:6      | Reached skill level 10 in Axes
  6364 | D:7      | Reached skill level 3 in Throwing
  6366 | D:7      | Reached XP level 9. HP: 57/57 MP: 13/13
  6377 | D:7      | 6377 ||| Stepping ~*~*~tactically~*~*~ (stealth).
  6378 | D:7      | 6378 ||| Stepping ~*~*~tactically~*~*~ (stealth).
  6379 | D:7      | 6379 ||| Stepping ~*~*~tactically~*~*~ (stealth).
  6385 | D:7      | Reached * piety under Okawaru
  6386 | D:7      | 6386 ||| INVOKING Heroism.
  6387 | D:7      | 6387 ||| INVOKING Heroism.
  6401 | D:7      | Reached skill level 1 in Invocations
  6402 | D:7      | 6402 ||| INVOKING Heroism.
  6407 | D:7      | HP: 5/57 [electric eel/bolt of electricity (11)]
  6409 | D:7      | Killed from afar by an electric eel

Levels and vault maps discovered:
D:1:      dpeg_arrival_ratfight, layout_basic, chequers_ecumenical_altar_island
D:2:      layout_basic, basic_altar, serial_shops, shop, minmay_hexomino_p4
D:3:      layout_rooms, grunt_qazlal_clouds
D:4:      layout_gridville, kennysheep_little_box, nicolae_shop_clearance
D:5:      layout_rooms
D:6:      layout_cave_pools, dilly_guarded_unrand_devastator
D:7:      layout_gridville, minmay_temple_entry_offerings, minivault_25,
          serial_bayou_lagoon_b
D:8:      layout_loops_ring, grunt_temple_overflow_open,
          mainiacjoe_overflow_large_starburst, david_lair_shrubbed,
          ebering_ghost_funeral_grove, enter_bailey_3, eino_jars
Temple:   nicolae_temple_god_jail

Skill      XL: |  1  2  3  4  5  6  7  8  9 |
---------------+----------------------------+-----
Axes           | 3 4 5 6 7 8 10 | 10.0
Armour         | 2 4 5 |  5.3
Fighting       | 3 4 |  4.6
Throwing       | 3 |  3.0
Invocations    | 1 |  1.3
Dodging        | |  2.1
Spellcasting   | |  2.0
Translocations | |  2.4

Action                   |  1- 3 |  4- 6 |  7- 9 || total
-------------------------+-------+-------+-------++-------
Melee: Hand axe          |    92 |    92 |    76 ||   260
       Peck              |    12 |    14 |    22 ||    48
       Kick              |    15 |    23 |    21 ||    59
       Punch             |       |       |     1 ||     1
Throw: Boomerang         |     7 |       |    21 ||    28
       Javelin           |       |       |    18 ||    18
Invok: Heroism           |       |       |     2 ||     2
  Use: Scroll            |     7 |    10 |     4 ||    21
       Potion            |     3 |     1 |     3 ||     7
Armor: Leather armour    |     9 |       |       ||     9
       Chain mail        |    24 |    40 |     9 ||    73
       Plate armour      |       |       |    20 ||    20
Dodge: Dodged            |    49 |    32 |    11 ||    92

Table legend:
 A = Non-vault XP
 B = Vault XP
 C = Vault XP percentage of total XP
 D = Non-vault monster count
 E = Vault monster count
 F = Vault count percentage of total count
                 A         B        C        D         E       F
            +---------+---------+-------+---------+---------+-------
      Total |    2516 |     239 |   8.7 |     112 |      10 |   8.2
            +---------+---------+-------+---------+---------+-------
        D:1 |      33 |       5 |  13.2 |      18 |       5 |  21.7
        D:2 |      37 |       5 |  11.9 |      13 |       3 |  18.8
        D:3 |      94 |       0 |   0.0 |      19 |       0 |   0.0
        D:4 |     369 |       0 |   0.0 |      17 |       0 |   0.0
        D:5 |     630 |     229 |  26.7 |      15 |       2 |  11.8
        D:6 |     717 |       0 |   0.0 |      18 |       0 |   0.0
        D:7 |     591 |       0 |   0.0 |       8 |       0 |   0.0
        D:8 |      45 |       0 |   0.0 |       4 |       0 |   0.0
            +---------+---------+-------+---------+---------+-------
